 Dungeon Crawl Stone Soup version 0.15.2 (webtiles) character file.

70 bullock the Magician (level 4, -4/36 HPs)
             Began as a Gargoyle Wizard on Nov 26, 2014.
             Slain by an orc wizard
             ... wielding a +0 dagger of electrocution
              (10 damage)
             ... on Level 2 of the Dungeon.
             The game lasted 00:08:39 (2826 turns).

bullock the Magician (Gargoyle Wizard)              Turns: 2826, Time: 00:08:41

HP  -4/36        AC 25     Str 10      XL: 4   Next: 22%
MP   0/10        EV  2     Int 20      God:
Gold 103         SH  0     Dex  8      Spells:  4 memorised,  2 levels left

rFire  . . .     SeeInvis .     h - +3 dagger
rCold  . . .     Clarity  .     r - melded +3 leather armour
rNeg   + + +     rCorr    .     (no shield)
rPois  +         rRot     +     (no helmet)
rElec  .         Spirit   .     (cloak currently unavailable)
SustAb .         Warding  .     e - melded +1 pair of gloves
rMut   .         NoTele   +     (boots currently unavailable)
Gourm  .                        (no amulet)
MR     .....                    (no ring)
                                k - +3 ring of protection

@: tree-form, repel missiles, not resistant to hostile enchantments, unstealthy
A: negative energy resistance 1, (electricity resistance), (unbreathing),
petrification resistance, rot immunity, AC +3
a: no special abilities


You were on level 2 of the Dungeon.
You were not hungry.
You were an animated tree.
You visited 1 branch of the dungeon, and saw 3 of its levels.

You collected 103 gold pieces.

Inventory:

Hand weapons
 h - a +3 dagger (weapon)
Armour
 e - a +1 pair of gloves (melded)
 r - a +3 leather armour (melded)
Comestibles
 d - 4 bread rations
 l - a royal jelly
Scrolls
 b - 2 scrolls of blinking {unknown}
 g - a scroll of enchant armour {unknown}
 j - 2 scrolls of immolation {unknown}
 n - a scroll of identify {unknown}
 o - a scroll of teleportation {unknown}
 q - a scroll of noise {unknown}
Jewellery
 k - a +3 ring of protection (left branch)
Potions
 a - a potion of heal wounds {unknown}
Books
 c - a book of Minor Magic

   Spells                             Type                      Level
   *Magic Dart                        Conjuration                  1
   *Blink                             Translocation                2
   Call Imp                           Summoning                    2
   *Repel Missiles                    Charms/Air                   2
   Slow                               Hexes                        2
   *Conjure Flame                     Conjuration/Fire             3
   Mephitic Cloud                     Conjuration/Poison/Air       3
 f - a book of Ice

   Spells                             Type                      Level
   Metabolic Englaciation             Hexes/Ice                    5
   Ozocubu's Refrigeration            Ice                          6
   Bolt of Cold                       Conjuration/Ice              6
   Freezing Cloud                     Conjuration/Ice/Air          6
   Simulacrum                         Ice/Necromancy               6


   Skills:
 - Level 1.6 Dodging
 - Level 2.1 Stealth
 + Level 3.8 Spellcasting
 * Level 3.2 Conjurations
   Level 0.8 Summonings
 - Level 0.8 Translocations


You had 2 spell levels left.
You knew the following spells:

 Your Spells              Type           Power        Failure   Level  Hunger
a - Magic Dart            Conj           ###.         3%          1    None
f - Conjure Flame         Conj/Fire      ##......     21%         3    ###....
q - Blink                 Tloc           N/A          17%         2    #......
v - Repel Missiles        Chrm/Air       #.....       24%         2    #......


Dungeon Overview and Level Annotations

Branches:
Dungeon (3/15)

Altars:
Vehumet


Innate Abilities, Weirdness & Mutations

You are resistant to torment.
You are immune to poison.
((Your stone body is very resilient (AC +3).))
You resist negative energy.
((You are resistant to electric shocks.))
((You can survive without breathing.))
You are immune to petrification.
You are immune to rotting.


Message History

Something hits you but does no damage.
Drink which item? (? for menu, Esc to quit)
You feel better.
It was a potion of curing.
The orc wizard points at you and mumbles some strange words.
The magic dart hits you! Something hits you but does no damage.
The orc wizard hits you but does no damage.
You miss something. The orc wizard casts a spell at you.
The puff of frost hits you!
You hear some strange, mumbled words.
The magic dart hits you!
* * * LOW HITPOINT WARNING * * *
Drink which item? (? for menu, Esc to quit)
You turn into an animated tree.
Your +1 pair of gloves melds into your body.
Your +3 leather armour melds into your body.
Your roots penetrate the ground.
It was a potion of lignification.
The orc wizard hits you but does no damage.
You are electrocuted!
You die...

...........#.##.....##### ####
##########.#..#.....# .....#
#.##.#.....# ########## ####.###
#..........# #.......#. #...#
####..#.#### #.......#. ###.#
#.##.)..# #.......#. #...#
#....#..# #.......#.
#.#####.####o.# #.......).
####.#.....##..{♣# #.......#.
#...........#.#### ######'#..
#...........#.###############.###
#...........#..............)..#
#...........#####.#...........#
#...........# #.#...........#
#...........# #.#...........###
#...........# #.#...........##.
#...........# #.###########.##.


You could see an orc wizard.

Vanquished Creatures
  Ijyb (D:2)
  2 giant geckos
  3 orcs
  3 giant cockroaches
  6 goblins
  8 hobgoblins
  4 kobolds
  10 bats
  3 jackals (D:1)
  3 rats
43 creatures vanquished.

Notes
Turn   | Place    | Note
--------------------------------------------------------------
     0 | D:1      | bullock, the Gargoyle Wizard, began the quest for the Orb.
     0 | D:1      | Reached XP level 1. HP: 10/10 MP: 4/4
   270 | D:1      | Reached XP level 2. HP: 15/15 MP: 0/6
   331 | D:1      | Learned a level 2 spell: Blink
   334 | D:1      | Learned a level 2 spell: Repel Missiles
   751 | D:2      | Noticed Ijyb
  1238 | D:2      | Reached XP level 3. HP: 19/19 MP: 2/8
  1294 | D:2      | Learned a level 3 spell: Conjure Flame
  1838 | D:2      | Found a radiant altar of Vehumet.
  2274 | D:2      | Killed Ijyb
  2516 | D:2      | Reached XP level 4. HP: 24/24 MP: 2/10
  2826 | D:2      | Slain by an orc wizard

Action                   |  1- 3 |  4- 6 || total
-------------------------+-------+-------++-------
Melee: Dagger            |   121 |     6 ||   127
       Unarmed           |     1 |       ||     1
 Cast: Magic Dart        |    77 |    27 ||   104
       Repel Missiles    |     2 |       ||     2
       Conjure Flame     |     2 |       ||     2
       Blink             |     1 |       ||     1
  Use: Potion            |       |     3 ||     3
  Eat: Chunk             |     2 |       ||     2
       Bread ration      |     1 |       ||     1
